 Dungeon Crawl Stone Soup version 0.30.0-5-g1a98f26d00 (webtiles) character file.

Game seed: 7171975124046989814

1906 LobsterGuardian the Basher (level 9, -9/74 HPs)
             Began as a Meteoran Monk on May 9, 2023.
             Was a Priest of Zin.
             Killed from afar by a centaur (25 damage)
             ... with a bolt of light
             ... on level 6 of the Dungeon.
             The game lasted 00:18:57 (3490 turns).

LobsterGuardian the Basher (Meteoran Monk)          Turns: 3490, Time: 00:18:57

Health: -9/74      AC: 15    Str: 18    XL:     9   Next: 65%
Magic:  12/12      EV:  7    Int: 13    God:    Zin [***...]
Gold:   187        SH:  0    Dex: 18    Spells: 8/8 levels left

rFire   . . .        a - +0 mace
rCold   + + .        d - orb {light}
rNeg    . . .        C - +0 plate armour
rPois   ∞            (no helmet)
rElec   .            j - +0 cloak
rCorr   .            e - +0 pair of gloves
SInv    .            (no boots)
Will    +....        (no amulet) Stlth
                     w - ring of protection from cold
HPRegen 0.32/turn    m - ring of protection from cold
MPRegen 0.13/turn

%: no passive effects
@: vitalised, glowing
A: sense surroundings 2, otherworldly, glowing, explore regen
a: Renounce Religion, Recite, Vitalisation, Imprison, Donate Gold


You were on level 6 of the Dungeon.
You worshipped Zin.
Zin was most pleased with you.
You visited 2 branches of the dungeon, and saw 7 of its levels.

You collected 207 gold pieces.
You donated 20 gold pieces to Zin.

Inventory:

Hand Weapons
 a - a +0 mace (weapon)
Armour
 d - an orb of light (worn)
 e - a +0 pair of gloves (worn)
 h - a +0 scale mail
 j - a +0 cloak (worn)
 C - a +0 plate armour (worn)
Jewellery
 f - a +6 ring of intelligence
 m - a ring of protection from cold (right hand)
 w - a ring of protection from cold (left hand)
Scrolls
 g - 3 scrolls of enchant weapon
 i - a scroll of vulnerability {unknown}
 k - 5 scrolls of teleportation
 l - a scroll of amnesia {unknown}
 r - a scroll of magic mapping {unknown}
 s - 2 scrolls of poison {unknown}
 t - a scroll of fog {unknown}
 y - 3 scrolls of identify
 A - a scroll of immolation {unknown}
 B - a scroll of brand weapon {unknown}
Potions
 n - a potion of brilliance {unknown}
 o - a potion of attraction
 p - 2 potions of berserk rage {unknown}
 q - a potion of resistance {unknown}
 v - a potion of lignification {unknown}
 x - 2 potions of heal wounds {unknown}
 z - a potion of haste {unknown}


   Skills:
 - Level 5.0 Fighting
 * Level 11.9 Maces & Flails
 * Level 6.4 Armour
 + Level 4.8 Dodging
 + Level 3.8 Invocations


You had 8 spell levels left.
You didn't know any spells.
Your spell library contained the following spells:

 Spells                   Type           Power      Damage    Failure   Level
 Kiss of Death            Conj/Necr      0%         2d5       100%        1
 Confusing Touch          Hex            0%         N/A       100%        3
 Dispel Undead            Necr           0%         3d6       100%        4


Dungeon Overview and Level Annotations

Branches:
Dungeon (6/15) Zot: 106    Temple (1/1) D:4 Zot: 598

Altars:
Ashenzari
Cheibriados
Dithmenos
Elyvilon
Hepliaklqana
Kikubaaqudgha
Makhleb
Nemelex Xobeh
Okawaru
Qazlal
Ru
Sif Muna
Uskayaw
Vehumet
Wu Jian
Xom
Yredelemnul
Zin
The Shining One

Shops:
D:3 (

Annotations:
D:2 Terence


Innate Abilities, Weirdness & Mutations

You passively map the area around you.
You are easily found by Zot.
You glow in the dark.
You regain HP and MP as you explore.


Message History

The centaur hits you but does no damage.
The centaur kicks you but does no damage.
The sleepcap releases spores at you.
* * * LOW HITPOINT WARNING * * *
You are engulfed in a cloud of soporific spores!
You are unaffected.
The centaur hits you but does no damage.
The centaur kicks you but does no damage.
You hit the sleepcap.
The sleepcap is lightly damaged.
The sleepcap releases spores at you.
* * * LOW HITPOINT WARNING * * *
The centaur hits you but does no damage.
The centaur kicks you but does no damage.
The sleepcap attacks as you move away!
The sleepcap releases spores at you but does no damage.
The centaur hits you but does no damage.
The centaur barely misses you.
You thump the sleepcap!
The sleepcap is severely damaged.
The centaur hits you.
* * * LOW HITPOINT WARNING * * *
The centaur kicks you but does no damage.
The sleepcap releases spores at you but does no damage.
You feel less invigorated.
You feel less confused.
You feel a little less mighty now.
The centaur wields a +0 shortbow.
The centaur shoots an arrow.
The arrow barely misses you.
You sock the sleepcap!
The sleepcap is almost destroyed.
The centaur zaps a wand.
The bolt of light hits you!
* * * LOW HITPOINT WARNING * * *
The sleepcap releases spores at you but does no damage.
You feel better.
The centaur zaps a wand.
The bolt of light hits you.
Your divine stamina protects you from confusion!
* * * LOW HITPOINT WARNING * * *
The sleepcap releases spores at you!
* * * LOW HITPOINT WARNING * * *
You feel better.
The centaur zaps a wand.
The bolt of light hits you!!
You die...

## ######## ** .#
#...)..###### ,
.##########f###.......#
........)...###.......#
*
..#########....f@.....#
* ).# #....#.c......#,
* ..###.#
#..#.#........'. ,
......# #..
..........## .######
#......#...#'## , * .#
### #......#.....# * *
.#..... #............#
, , .......
......>#....##*, *
##.#.#####.....#..... ,


You could see a sleepcap and a centaur.

Vanquished Creatures
  5 yaks (D:6)
  A water moccasin (D:6)
  A sky beast (D:6)
  A centaur (D:6)
  A phantom (D:4)
  Blork the orc (D:6)
  A bullfrog (D:6)
  3 scorpions
  2 hounds
  2 orc priests
  4 jellies
  2 iguanas
  A sleepcap (D:6)
  2 orc wizards
  3 gnolls (D:6)
  6 adders
  2 worms
  2 dart slugs (D:5)
  3 orcs
  4 endoplasms
  3 giant cockroaches
  4 goblins
  2 hobgoblins (D:1)
  4 jackals (D:2)
  2 kobolds
  4 quokkas
  3 ball pythons
  6 bats
  3 frilled lizards (D:2)
  4 rats
82 creatures vanquished.

Notes
Turn   | Place    | Note
-------+----------+-------------------------------------------
     0 | D:1      | LobsterGuardian the Meteoran Monk began the quest for the
                  | Orb.
     0 | D:1      | Reached XP level 1. HP: 19/19 MP: 2/2
   232 | D:1      | Reached XP level 2. HP: 26/26 MP: 3/3
   496 | D:1      | Glimpsed the power of Zot.
   546 | D:1      | Glimpsed the power of Zot.
   598 | D:2      | Reached XP level 3. HP: 30/31 MP: 4/4
   680 | D:2      | Noticed Terence
   914 | D:2      | Reached skill level 5 in Maces & Flails
   914 | D:2      | Reached XP level 4. HP: 29/40 MP: 5/5
  1090 | D:2      | Glimpsed the power of Zot.
  1325 | D:3      | Found Huestryh's Weapon Shoppe.
  1384 | D:3      | Reached skill level 6 in Maces & Flails
  1384 | D:3      | Reached XP level 5. HP: 34/46 MP: 6/6
  1686 | D:2      | Glimpsed the power of Zot.
  1723 | D:4      | Noticed a phantom
  1731 | D:4      | Found a glowing silver altar of Zin.
  1738 | D:4      | Killed a phantom
  1739 | D:4      | Reached skill level 7 in Maces & Flails
  1739 | D:4      | Reached XP level 6. HP: 38/52 MP: 7/7
  1750 | D:4      | Became a worshipper of Zin the Law-Giver
  1750 | D:4      | Reached * piety under Zin
  1750 | D:4      | Reached ** piety under Zin
  1826 | D:4      | Found a staircase to the Ecumenical Temple.
  1896 | Temple   | Entered the Ecumenical Temple
  2286 | D:4      | Glimpsed the power of Zot.
  2299 | D:4      | Reached skill level 1 in Invocations
  2336 | D:5      | Entered Level 5 of the Dungeon
  2356 | D:5      | Reached XP level 7. HP: 57/60 MP: 8/8
  2404 | D:5      | Reached skill level 8 in Maces & Flails
  2491 | D:5      | Reached *** piety under Zin
  2553 | D:5      | Reached skill level 1 in Armour
  2810 | D:5      | Found a sparkling altar of Nemelex Xobeh.
  2810 | D:5      | Found an iron altar of Okawaru.
  2887 | D:5      | Glimpsed the power of Zot.
  2914 | D:6      | Reached skill level 9 in Maces & Flails
  2914 | D:6      | Reached XP level 8. HP: 34/67 MP: 10/10
  3034 | D:6      | Found a sacrificial altar of Ru.
  3059 | D:6      | Reached skill level 5 in Fighting
  3077 | D:6      | Reached skill level 10 in Maces & Flails
  3409 | D:6      | Noticed a yak
  3411 | D:6      | Noticed a yak
  3415 | D:6      | Noticed a yak
  3418 | D:6      | Noticed a yak
  3419 | D:6      | Noticed Blork the orc
  3421 | D:6      | Noticed a yak
  3423 | D:6      | Killed a yak
  3424 | D:6      | Gained mutation: You passively map the area around you.
                  | [Meteoran growth]
  3424 | D:6      | Reached XP level 9. HP: 58/74 MP: 10/12
  3430 | D:6      | Reached skill level 11 in Maces & Flails
  3438 | D:6      | Reached skill level 5 in Armour
  3448 | D:6      | Killed Blork the orc
  3490 | D:6      | Killed from afar by a centaur

Illustrated notes

Levels and vault maps discovered:
D:1:      amcnicky_arrival_choice, layout_loops_corners
D:2:      layout_basic, uniq_terence
D:3:      layout_basic, serial_shops, nicolae_shop_tiny_waterfront
D:4:      layout_loops_ring, mainiacjoe_overflow_paths,
          minmay_temple_entry_arrows, minmay_misc_feat_chi
D:5:      layout_loops_cross, amethyst_overflow_temple_binary, item_on_display_a
D:6:      layout_basic, nicolae_ru_sacrificial_ziggurat, uniq_grinder,
          uniq_blork_the_orc
Temple:   minmay_freezing_vapour_temple

Skill      XL: |  1  2  3  4  5  6  7  8  9 |
---------------+----------------------------+-----
Maces & Flails | 5 6 7 9 10 11 | 11.9
Fighting       | 4 5 |  5.0
Dodging        | 4 |  4.8
Invocations    | 1 2 3 |  3.8
Armour         | 1 4 6 |  6.4

Action                     |  1- 3 |  4- 6 |  7- 9 || total
---------------------------+-------+-------+-------++-------
  Melee: Mace              |    39 |   126 |   151 ||   316
 Invoke: Recite            |       |     1 |     3 ||     4
         Vitalisation      |       |       |     1 ||     1
    Use: Scroll            |     1 |     3 |       ||     4
         Potion            |       |       |     7 ||     7
   Stab: Sleeping          |     1 |       |       ||     1
 Armour: Robe              |    12 |       |       ||    12
         Scale mail        |     5 |    53 |    30 ||    88
         Plate armour      |       |       |    48 ||    48
  Dodge: Dodged            |    16 |    60 |    54 ||   130
